Map: Prion Terraces

Players

Catiline

  • Race: Protoss Protoss
  • Spawn Location: 5:00

Fropez - Winner!

  • Race: Protoss Protoss
  • League: Silver
  • Spawn Location: 11:00

VOD

Have the link to the VOD?

Description

Time

  • Played on: Feb. 8, 2016, 6:15 p.m.
  • Length: 4:09
Show
View Real Time Build Order
Export as new Build Order

Catiline Protoss 

Build Orders: Nexus First 

Get SALT Encoding   

  12  0:03  Probe (Chrono Boost)  
  13  0:13  Probe (Chrono Boost)  
  14  0:24  Probe (Chrono Boost)  
  15  0:34  Pylon  
  15  0:52  Probe (Chrono Boost)  
  16  1:01  Nexus  
  16  1:27  Nexus  
  17  1:32  Probe (Chrono Boost)  
  17  1:43  Probe (Chrono Boost)  
  19  2:08  Probe (Chrono Boost)  
  19  2:12  Assimilator  
  19  2:15  Probe (Chrono Boost)  
  20  2:17  Assimilator  
  20  2:19  Probe (Chrono Boost)  
  21  2:26  Probe (Chrono Boost)  
  22  2:35  Gateway  
  22  2:36  Probe (Chrono Boost)  
  23  2:47  Probe (Chrono Boost)  
  23  2:48  Probe (Chrono Boost)  
  25  2:57  Probe (Chrono Boost)  
  26  2:59  Probe (Chrono Boost)  
  26  3:05  Forge  
  27  3:08  Probe (Chrono Boost)  
  27  3:09  Probe (Chrono Boost)  
  27  3:12  Pylon, Probe (Chrono Boost)  
  30  3:18  Probe (Chrono Boost)  
  32  3:20  Probe (Chrono Boost)  
  32  3:23  Probe (Chrono Boost)  
  32  3:26  Cybernetics Core  
  33  3:29  Probe (Chrono Boost)  
  33  3:30  Probe (Chrono Boost)  
  33  3:33  Probe (Chrono Boost)  
  33  3:34  Assimilator  
  36  3:36  Assimilator  
  36  3:39  Probe (Chrono Boost)  
  36  3:40  Pylon  
  36  3:43  Pylon  
  36  3:45  Pylon  
  35  3:50  Probe (Chrono Boost)  
  35  3:51  Pylon  
Show
View Real Time Build Order
Export as new Build Order

Fropez Protoss - Winner!

Build Orders:  

Get SALT Encoding   

  12  0:03  Probe (Chrono Boost)  
  13  0:20  Pylon  
  13  0:29  Pylon  
  13  0:31  Probe (Chrono Boost)  
  14  0:41  Probe (Chrono Boost)  
  15  0:58  Gateway  
  15  0:59  Probe (Chrono Boost)  
  15  1:01  Gateway  
  16  1:10  Probe (Chrono Boost)  
  17  1:20  Probe (Chrono Boost)  
  17  1:22  Assimilator  
  18  1:28  Assimilator  
  18  1:31  Probe (Chrono Boost)  
  19  1:32  Pylon  
  19  1:33  Pylon  
  19  1:55  Cybernetics Core  
  19  1:58  Gateway  
  19  2:00  Probe (Chrono Boost)  
  20  2:11  Probe (Chrono Boost)  
  21  2:20  Zealot x2  
  21  2:21  Probe (Chrono Boost)  
  26  2:35  Mothership Core (Chrono Boost)  
  30  2:53  Probe (Chrono Boost)  
  30  2:55  Stalker  
  30  2:58  Stalker  
  33  3:06  Probe (Chrono Boost)  
  33  3:08  Pylon  
  34  3:17  Probe (Chrono Boost)  
  35  3:20  Stalker  
  37  3:28  Probe (Chrono Boost)  
  37  3:29  Pylon  
  38  3:41  Twilight Council  
  38  3:42  Probe (Chrono Boost)  
Tags
 
League
Silver
Matchup
PvP
Replay Pack
All Mines
Spawn Locations
Cross Positions
Add a new tag
Caveats
  • Supply blocks, unpowered buildings, or Contaminate may cause inaccurate times.
  • Supply counts are checked every 10 seconds.